 Dungeon Crawl Stone Soup version 0.26-a0-1025-g006ef2cfcc (webtiles) character file.

Game seed: 4277682873607585053

4443 Kraken2834 the Fighter (level 10, 0/150 HPs)
             Began as a Hill Orc Monk on Dec 9, 2020.
             Was a Priest of Beogh.
             Slain by an orc knight
             ... wielding a +0 glaive
              (13 damage)
             ... in a bailey.
             The game lasted 00:28:27 (9493 turns).

Kraken2834 the Fighter (Hill Orc Monk)              Turns: 9493, Time: 00:28:27

Health: 0/150      AC: 25    Str: 18    XL:     10   Next: 37%
Magic:  10/10      EV:  2    Int: 10    God:    Beogh [***...]
Gold:   624        SH:  0    Dex: 13    Spells: 9/9 levels left

rFire    + . .     SeeInvis .   M - +0 war axe
rCold    + . .     Faith    .   (no shield)
rNeg     + + +     Spirit   .   (armour currently unavailable)
rPois    +         Reflect  .   (helmet currently unavailable)
rElec    +         Harm     .   (cloak currently unavailable)
rCorr    +         Rampage  .   (gloves currently unavailable)
Will     .....     NoTele   +   (boots currently unavailable)
Stlth    ++........             (no amulet)
HPRegen  0.35/turn              (no ring)
MPRegen  0.12/turn              (no ring)

@: brilliant, tree-form, resistant, berserk cooldown, attractive, slowed, very
slow
A: no striking features
a: Smiting, Renounce Religion


You were in a bailey.
You worshipped Beogh.
Beogh was most pleased with you.
You were a tree.
You visited 2 branches of the dungeon, and saw 9 of its levels.
You also visited: Bailey.

You collected 624 gold pieces.

Inventory:

Hand Weapons
 a - a +0 hand axe
 m - a +4 quarterstaff of chaos
 M - a +0 war axe (weapon)
Armour
 c - a +2 cloak (melded)
 w - a +0 helmet (melded)
 y - the +8 chain mail of Insecurity (melded) {rN+}
   (You found it on level 5 of the Dungeon)

   It protects you from negative energy.
 L - a +0 pair of gloves (melded)
Wands
 b - a wand of disintegration (13)
 x - a wand of digging (7)
 F - a wand of paralysis (21)
 H - a wand of polymorph (11)
 J - a wand of flame (24)
Scrolls
 d - a scroll of fear {unknown}
 e - 3 scrolls of immolation {unknown}
 h - a scroll of random uselessness {unknown}
 i - 4 scrolls of remove curse {unknown}
 l - a scroll of magic mapping {unknown}
 n - 3 scrolls of teleportation {unknown}
 o - 6 scrolls of identify {unknown}
 p - a scroll of summoning
 q - 3 scrolls of amnesia {unknown}
 B - a scroll of blinking {unknown}
 C - 4 scrolls of enchant armour {unknown}
 D - 3 scrolls of enchant weapon {unknown}
 G - a scroll of fog {unknown}
Potions
 f - a potion of mutation {unknown}
 g - 2 potions of degeneration
 j - 3 potions of lignification
 k - 2 potions of might
 r - 2 potions of ambrosia
 s - a potion of resistance
 t - 2 potions of heal wounds
 v - a potion of brilliance
 z - 2 potions of berserk rage
 A - 3 potions of curing
 E - a potion of flight
 I - a potion of attraction
 K - 2 potions of haste


   Skills:
 + Level 12.8 Fighting
 * Level 10.5 Axes
 - Level 7.6 Armour
 - Level 2.4 Dodging
 - Level 1.7 Stealth


You had 9 spell levels left.
You didn't know any spells.
Your spell library contained the following spells:

 Spells                   Type           Power        Failure   Level
 Shock                    Conj/Air       #...         36%         1
 Swiftness                Air            #.......     50%         2
 Static Discharge         Conj/Air       #.......     75%         3
 Airstrike                Air            #.........   98%         4
 Lightning Bolt           Conj/Air       #.........   100%        5


Dungeon Overview and Level Annotations

Branches:
Dungeon (8/15)             Temple (1/1) D:5          Bailey (1/1)
   Lair: D:8-11

Altars:
Ashenzari
Cheibriados
Dithmenos
Elyvilon
Fedhas
Gozag
Hepliaklqana
Kikubaaqudgha
Makhleb
Nemelex Xobeh
Okawaru
Qazlal
Ru
Sif Muna
Trog
Uskayaw
Vehumet
Wu Jian
Xom
Yredelemnul
Zin
The Shining One

Shops:
D:8 }

Annotations:
D:8 2 transporters, qipq's ghost, novice OpFi
Abyss:1 Sigmund


Message History

You cannot move.
You are no longer berserk.
You are exhausted.
You feel yourself slow down.
The orc warrior hits you but does no damage.
You cannot move.
It was a potion of magic.
Magic courses through your body.
The orc knight hits you from afar with a +0 halberd!
* * * LOW HITPOINT WARNING * * *
The orc knight hits you from afar with a +0 glaive!!
* * * LOW HITPOINT WARNING * * *
The orc warrior hits you but does no damage.
The orc knight hits you from afar with a +0 halberd.
* * * LOW HITPOINT WARNING * * *
It was a potion of attraction.
You feel attractive to monsters.
The orc warrior no longer looks unusually strong.
The orc knight hits you from afar with a +0 glaive!
You die...
Beogh appreciates the orc knight's killing of a heretic priest.

############
##........∩.##
#####)...........#
....#)........o..#
....').......oo.♣#
....#)........o..#
#####)...........#
##........∩.##
############


You could see 2 orc knights and 2 orc warriors.

Vanquished Creatures
  The ghost of chipmonk the Protected, a novice MiFi of Okawaru (D:7)
  A salamander (shapeshifter) (D:3)
  Grinder (D:6)
  Prince Ribbit (D:5)
  A shadow (D:6)
  Eustachio (D:4)
  2 orc warriors
  A sky beast (D:4)
  2 ogres
  A black bear (D:8)
  4 centaurs
  An elf zombie (D:6)
  A big kobold (D:7)
  A bullfrog (D:6)
  A gnoll sergeant (D:6)
  2 elf skeletons (D:6)
  A jelly (D:7)
  A scorpion (D:4)
  A howler monkey (D:5)
  A human zombie (D:6)
  A centaur skeleton (D:6)
  A hound (D:4)
  Crazy Yiuf (D:2)
  A bullfrog skeleton (D:7)
  2 human skeletons (D:6)
  4 orc wizards
  Ijyb (D:3)
  Natasha (thrice) (D:3)
  3 worker ants
  Robin (D:3)
  10 adders
  4 gnolls
  3 white imps
  An ufetubus (D:8)
  2 oozes
  A worm (D:2)
  2 dart slugs
  A leopard gecko (D:1)
  14 orcs
  4 giant cockroaches
  20 goblins
  11 hobgoblins
  9 jackals
  17 kobolds
  3 quokkas
  4 ball pythons
  8 bats
  8 frilled lizards
  4 orc skeletons (D:6)
  An orc zombie (D:6)
  2 quokka skeletons
  8 rats
181 creatures vanquished.

Vanquished Creatures (collateral kills)
  An orc knight (Bailey)
  5 orc warriors (Bailey)
  7 orcs (Bailey)
13 creatures vanquished.

Vanquished Creatures (others)
  2 orc warriors (Bailey)
  20 orcs (Bailey)
  5 withered plants (D:4)
27 creatures vanquished.

Grand Total: 221 creatures vanquished

Notes
Turn   | Place    | Note
-------+----------+-------------------------------------------
     0 | D:1      | Kraken2834 the Hill Orc Monk began the quest for the Orb.
     0 | D:1      | Reached XP level 1. HP: 19/19 MP: 1/1
   111 | D:1      | Reached XP level 2. HP: 27/27 MP: 2/2
   238 | D:1      | Reached skill level 4 in Fighting
   417 | D:1      | Reached XP level 3. HP: 33/33 MP: 3/3
   563 | D:1      | HP: 1/33 [gnoll/+0 whip (7)]
   568 | D:1      | Reached skill level 5 in Axes
  1321 | D:2      | Reached XP level 4. HP: 38/41 MP: 4/4
  1325 | D:2      | Reached skill level 1 in Armour
  1951 | D:2      | Found a broken altar of Ashenzari.
  2035 | D:2      | Found a runed translucent door.
  2036 | D:2      | Noticed Crazy Yiuf
  2048 | D:2      | Killed Crazy Yiuf
  2049 | D:2      | Reached XP level 5. HP: 17/47 MP: 1/5
  2336 | D:2      | You fall into a shaft and drop 2 floors!
  2838 | D:4      | Reached skill level 5 in Fighting
  2838 | D:4      | Reached XP level 6. HP: 39/56 MP: 6/6
  2934 | D:4      | Noticed a sky beast
  2950 | D:4      | Killed a sky beast
  3070 | D:4      | Noticed Eustachio
  3072 | D:4      | Found an iron altar of Okawaru.
  3095 | D:4      | Killed Eustachio
  3096 | D:4      | Reached XP level 7. HP: 61/61 MP: 7/7
  3366 | D:4      | Found an ancient bone altar of Kikubaaqudgha.
  3811 | D:4      | Found a shadowy altar of Dithmenos.
  4004 | D:3      | Noticed Natasha
  4010 | D:3      | Killed Natasha
  4123 | D:3      | Noticed Robin
  4131 | D:3      | Reached skill level 6 in Fighting
  4157 | D:3      | Killed Robin
  4418 | D:3      | Reached skill level 5 in Armour
  4471 | D:3      | Noticed Natasha
  4471 | D:3      | Noticed Ijyb
  4477 | D:3      | Killed Natasha
  4480 | D:3      | Noticed Sigmund
  4490 | D:3      | Killed Ijyb
  4495 | D:3      | Banished Sigmund
  4496 | D:3      | Reached XP level 8. HP: 48/71 MP: 8/8
  4847 | D:3      | Noticed Natasha
  4858 | D:3      | Killed Natasha
  4926 | D:3      | Noticed a shapeshifter
  4926 | D:3      | a kobold changed into a shapeshifter
  4926 | D:3      | a shapeshifter changed into an eye of draining
  4932 | D:3      | Noticed a salamander
  4933 | D:3      | Killed a salamander
  4934 | D:3      | Reached skill level 7 in Fighting
  5174 | D:5      | Entered Level 5 of the Dungeon
  5175 | D:5      | Found a bloodstained altar of Trog.
  5184 | D:5      | Reached skill level 8 in Fighting
  5190 | D:5      | Got an ichor-stained chain mail
  5201 | D:5      | Identified the +8 chain mail of Insecurity {rN+} (You found
                  | it on level 5 of the Dungeon)
  5422 | D:5      | Noticed Prince Ribbit
  5433 | D:5      | Killed Prince Ribbit
  5434 | D:5      | Reached XP level 9. HP: 56/82 MP: 9/9
  5589 | D:5      | Found a staircase to the Ecumenical Temple.
  5605 | D:5      | Reached skill level 9 in Fighting
  6006 | Temple   | Entered the Ecumenical Temple
  6230 | D:6      | Became a worshipper of Beogh the Brigand
  6230 | D:6      | Reached * piety under Beogh
  6230 | D:6      | Reached ** piety under Beogh
  6420 | D:6      | Noticed Grinder
  6424 | D:6      | Killed Grinder
  6848 | D:6      | Reached skill level 10 in Fighting
  7240 | D:6      | Reached skill level 11 in Fighting
  7993 | D:7      | Found a sparkling altar of Nemelex Xobeh.
  8119 | D:7      | Found a basalt altar of Yredelemnul.
  8151 | D:7      | Found a runed translucent door.
  8151 | D:7      | Noticed chipmonk's ghost (novice MiFi)
  8197 | D:7      | Killed chipmonk's ghost
  8198 | D:7      | Reached skill level 12 in Fighting
  8198 | D:7      | Reached skill level 10 in Axes
  8198 | D:7      | Reached XP level 10. HP: 87/97 MP: 10/10
  8357 | D:7      | Reached *** piety under Beogh
  8426 | D:7      | Found a snail-covered altar of Cheibriados.
  8428 | D:7      | Found a glowing silver altar of Zin.
  8476 | D:7      | Found a glowing golden altar of the Shining One.
  8494 | D:8      | Found Odwixziv's Gadget Boutique.
  8685 | D:8      | Found a transporter.
  8687 | D:8      | Noticed qipq's ghost (novice OpFi)
  8717 | D:8      | Found a transporter.
  8758 | D:8      | Found a shimmering blue altar of Sif Muna.
  8861 | D:8      | Found a flagged portal.
  8876 | Bailey   | Entered a bailey
  8935 | Bailey   | Noticed an orc knight
  8956 | Bailey   | Killed an orc knight
  9426 | Bailey   | Noticed an orc knight
  9430 | Bailey   | Noticed an orc knight
  9493 | Bailey   | Slain by an orc knight

Illustrated notes

Levels and vault maps discovered:
D:1:      dpeg_arrival_short_road, layout_basic
D:2:      layout_loops_ring, lemuel_crystal_altar, minmay_circle_x,
          uniq_crazy_yiuf_cottage
D:3:      layout_basic, st_stairs_8, hangedman_abyss_or_decor_stabs,
          uniq_sigmund, uniq_ijyb, uniq_robin, uniq_natasha
D:4:      layout_loops_corners, okawaru_gym_becter, kennysheep_mini_moat,
          kiku_gazebo_garden_becter, uniq_eustachio
D:5:      layout_loops_ring, bloody_trog, minmay_temple_entry_tees,
          uniq_prince_ribbit1
D:6:      layout_gridville, nicolae_ossuary_entry_catacombs,
          hangedman_abyss_or_decor_lesser_grid, minmay_holes, uniq_grinder
D:7:      layout_rooms, gammafunk_temple_overflow_pools, kennysheep_little_box,
          lemuel_coloured_pillars_altar, hellmonk_ghost_happy_afterlife,
          nemelex_xobeh_ov_fountains_minmay
D:8:      layout_basic, nicolae_overflow_crystal_walls, serial_shops, shop,
          enter_bailey_2, gammafunk_ghost_stat_death, nicolae_benzene_ring
Temple:   minmay_temple_bridge_abc
Bailey:   bailey_polearm_5, bailey

Skill      XL: |  1  2  3  4  5  6  7  8  9 |
---------------+----------------------------+-----
Fighting       | 4 5 6 8 12 | 12.8
Axes           | 5 6 7 8 10 | 10.5
Armour         | 1 2 4 6 7 |  7.6
Dodging        | |  2.4
Stealth        | |  1.7

Action                   |  1- 3 |  4- 6 |  7- 9 | 10-12 || total
-------------------------+-------+-------+-------+-------++-------
Melee: Hand axe          |   123 |    80 |       |       ||   203
       Quarterstaff      |       |    57 |   331 |    32 ||   420
       War axe           |       |       |       |     7 ||     7
Invok: Smiting           |       |       |     1 |     3 ||     4
       Convert to Beogh  |       |       |     1 |       ||     1
  Use: Potion            |     3 |     6 |     1 |    12 ||    22
 Stab: Sleeping          |     2 |       |       |       ||     2
       Paralysed         |       |     2 |       |       ||     2
       Petrifying        |       |       |     1 |       ||     1
       Petrified         |       |       |     1 |       ||     1
Armor: Leather armour    |    18 |    13 |       |       ||    31
       Robe              |     1 |       |       |       ||     1
       Ring mail         |       |    24 |    52 |       ||    76
       Skin              |       |     6 |       |     8 ||    14
       Chain mail        |       |       |   149 |    41 ||   190
Dodge: Dodged            |    64 |    72 |   153 |    27 ||   316

Table legend: (Time is in decaauts)
 A = Elapsed time spent in this place.
 B = Non-inter-level travel time spent in this place.
 C = Inter-level travel time spent in this place.
 D = Time resting spent in this place.
 E = Time spent auto-exploring this place.
 F = Levels seen in this place.
 G = Mean time per level.
                   A        B        C        D        E       F      G
               +--------+--------+--------+--------+--------+-----+--------+
         Total |   9606 |   9507 |     99 |    976 |   6613 |  10 |  960.6 |
       Dungeon |   8784 |   8685 |     99 |    539 |   6431 |   8 | 1098.0 |
        Temple |    205 |    205 |      0 |      0 |    179 |   1 |  205.0 |
        Bailey |    616 |    616 |      0 |    437 |      3 |   1 |  616.0 |
               +--------+--------+--------+--------+--------+-----+--------+

Top non-repeatable levels by time:
     D:6: 1755 daAuts
     D:4: 1626 daAuts
     D:3: 1242 daAuts
     D:1: 1230 daAuts
     D:2: 1115 daAuts
     D:5: 857 daAuts
  Bailey: 616 daAuts
     D:7: 567 daAuts
     D:8: 388 daAuts
  Temple: 205 daAuts
